Map: [ESL] Ancient Cistern

Players

Solar - Winner!

  • Race: Zerg Zerg

Elazer

  • Race: Zerg Zerg

Event: IEM Katowice 2023

VOD

Have the link to the VOD?

Description

Time

  • Played on: Feb. 9, 2023, 10:30 a.m.
  • Length: 8:42

All games in this series

Show
View Real Time Build Order
Export as new Build Order

Solar Zerg - Winner!

Build Orders: Hatch First 

Get SALT Encoding   

  12  0:00  Drone  
  13  0:12  Overlord  
  13  0:17  Drone  
  14  0:31  Drone x2  
  16  0:48  Hatchery  
  15  0:50  Drone  
  15  0:54  Drone  
  17  0:57  Drone  
  18  1:08  Extractor  
  17  1:12  Spawning Pool  
  17  1:16  Drone  
  17  1:19  Drone  
  18  1:27  Drone  
  19  1:39  Drone  
  20  1:50  Drone  
  21  1:59  Queen  
  21  2:00  Queen  
  21  2:01  Zergling x2  
  26  2:02  Overlord  
  26  2:11  Metabolic Boost, Drone x2  
  28  2:22  Zergling x2  
  29  2:23  Drone  
  30  2:31  Hatchery  
  30  2:36  Drone  
  30  2:42  Queen  
  32  2:46  Drone  
  33  2:52  Baneling Nest  
  33  2:55  Overlord  
  33  2:58  Drone  
  33  2:59  Drone  
  33  3:02  Drone  
  35  3:08  Drone  
  36  3:14  Zergling x4  
  36  3:16  Drone  
  36  3:17  Drone  
  36  3:18  Drone x2  
  42  3:20  Drone  
  42  3:25  Overlord  
  43  3:28  Drone  
  43  3:33  Evolution Chamber  
  43  3:35  Drone  
  43  3:38  Baneling  
  44  3:45  Drone  
  44  3:46  Zergling x4  
  44  3:48  Overlord  
  47  3:49  Drone x2  
  47  3:55  Drone  
  49  3:56  Baneling  
  49  3:57  Zergling x8  
  49  4:02  Zerg Missile Weapons Level 1  
  53  4:03  Overlord  
  53  4:05  Drone  
  53  4:08  Drone  
  55  4:14  Overlord  
  55  4:15  Drone x4  
  59  4:18  Drone x2  
  61  4:32  Roach Warren, Zergling x6  
  61  4:33  Zergling x4  
  61  4:34  Baneling x2  
  61  4:37  Zergling x6  
  68  4:42  Overlord  
  68  4:43  Drone  
  68  4:47  Zergling x2  
  68  4:50  Zergling x6  
  70  4:53  Zergling x12  
  70  4:58  Lair  
  74  5:00  Extractor, Baneling x2  
  74  5:01  Extractor  
  74  5:02  Drone  
  73  5:07  Overlord  
  73  5:08  Drone  
  73  5:13  Drone x2  
  75  5:15  Overlord  
  75  5:19  Drone x3  
  78  5:23  Drone  
  78  5:25  Drone  
  78  5:27  Drone  
  78  5:28  Extractor, Drone x3  
  83  5:33  Overlord  
  83  5:34  Roach  
  83  5:35  Roach  
  87  5:41  Roach x3  
  86  5:47  Drone  
  86  5:49  Roach x2  
  84  5:52  Drone  
  84  5:53  Roach x2  
  86  5:57  Overlord  
  86  5:58  Glial Reconstitution  
  86  5:59  Extractor, Drone  
  86  6:01  Roach x2  
  90  6:05  Overlord  
  90  6:06  Roach x2  
  90  6:08  Roach  
  90  6:10  Roach  
  98  6:11  Overlord  
  98  6:14  Overseer  
  98  6:16  Overlord  
  98  6:18  Drone  
  99  6:20  Roach x2  
  103  6:26  Roach  
  103  6:27  Roach x2  
  103  6:29  Overlord  
  103  6:32  Roach x3  
  115  6:36  Roach x2  
  119  6:40  Roach  
  119  6:41  Roach x2  
  119  6:43  Roach  
  127  6:48  Roach x2  
  127  6:52  Roach x3  
  134  6:54  Roach  
  134  6:57  Roach x2  
  134  6:59  Roach  
  140  7:02  Roach x2  
  140  7:05  Roach  
  140  7:07  Overlord  
  146  7:09  Roach  
  146  7:13  Roach x2  
  146  7:14  Roach  
  144  7:17  Roach  
  144  7:20  Roach  
  132  7:24  Roach  
  132  7:27  Roach  
  132  7:29  Extractor  
  135  7:30  Roach x3  
  141  7:38  Roach x4  
  141  7:41  Roach  
  139  7:44  Roach x2  
  139  7:46  Roach  
  139  7:47  Roach  
  139  7:49  Roach  
  139  7:53  Roach  
  139  7:57  Roach x3  
  139  7:58  Roach x2  
  145  8:01  Roach  
  139  8:06  Roach  
  139  8:09  Roach  
  139  8:11  Overlord  
  133  8:18  Roach  
  135  8:20  Drone  
  135  8:22  Roach  
Show
View Real Time Build Order
Export as new Build Order

Elazer Zerg 

Build Orders: Hatch First 

Get SALT Encoding   

  12  0:00  Drone  
  13  0:11  Overlord  
  13  0:16  Drone  
  14  0:30  Drone x2  
  16  0:47  Hatchery  
  15  0:50  Drone  
  15  0:54  Drone  
  17  0:57  Drone  
  18  1:08  Extractor  
  17  1:12  Spawning Pool  
  17  1:15  Drone  
  17  1:18  Drone  
  18  1:27  Drone  
  19  1:39  Drone  
  20  1:49  Drone  
  21  1:58  Queen x2  
  21  2:00  Overlord, Zergling x2  
  26  2:09  Metabolic Boost  
  26  2:10  Drone x2  
  28  2:23  Drone, Zergling x2  
  30  2:32  Hatchery  
  29  2:38  Drone x2  
  31  2:44  Baneling Nest  
  31  2:49  Overlord  
  30  2:52  Drone  
  30  2:54  Drone  
  30  2:56  Drone  
  33  3:05  Drone  
  34  3:06  Overlord, Drone  
  34  3:08  Drone  
  36  3:13  Zergling x4  
  36  3:14  Zergling x2  
  36  3:16  Zergling x2  
  40  3:20  Drone x2  
  42  3:28  Drone  
  42  3:29  Drone  
  44  3:37  Queen  
  44  3:38  Overlord  
  44  3:40  Drone  
  47  3:43  Drone x3  
  47  3:45  Drone x2  
  52  3:51  Drone x2  
  54  3:56  Drone x2  
  54  4:01  Roach Warren  
  54  4:02  Overlord  
  55  4:05  Drone  
  56  4:12  Overlord  
  56  4:15  Zergling x12  
  62  4:17  Zergling x4  
  62  4:21  Lair  
  64  4:27  Overlord  
  63  4:38  Drone  
  63  4:43  Drone  
  63  4:47  Drone x11  
  63  4:49  Extractor  
  63  4:50  Extractor  
  70  4:53  Drone  
  70  4:55  Drone  
  70  4:57  Extractor  
  70  4:58  Extractor  
  70  4:59  Roach x3  
  75  5:10  Roach x3  
  80  5:17  Overlord  
  80  5:20  Roach x4  
  88  5:23  Overlord  
  88  5:25  Roach  
  88  5:27  Overlord x2  
  90  5:31  Glial Reconstitution  
  90  5:34  Roach  
  90  5:35  Overlord x2  
  81  5:43  Roach x4  
  81  5:44  Ravager  
  81  5:47  Roach  
  81  5:48  Queen  
  84  5:51  Roach x3  
  89  5:59  Roach x6  
  89  6:03  Roach x2  
  105  6:07  Overlord  
  105  6:12  Roach x2  
  109  6:19  Roach  
  109  6:22  Nydus Network  
  109  6:25  Roach x2  
  114  6:32  Roach x3  
  120  6:36  Roach x2  
  120  6:37  Roach x2  
  128  6:41  Roach x2  
  132  6:53  Roach x4  
  135  6:58  Nydus Canal  
  135  7:00  Roach x4  
  142  7:03  Roach  
  142  7:08  Roach  
  146  7:14  Nydus Canal  
  136  7:17  Roach x4  
  136  7:22  Roach x2  
  122  7:31  Roach x5  
  122  7:35  Roach x2  
  122  7:36  Queen  
  134  7:41  Roach  
  134  7:42  Roach x2  
  134  7:43  Roach  
  118  7:48  Roach  
  118  7:49  Roach  
  106  7:52  Roach  
  106  7:54  Roach  
  106  7:58  Roach x2  
  110  8:02  Roach  
  100  8:08  Roach  
  100  8:09  Roach x3  
  100  8:10  Roach  
  96  8:23  Evolution Chamber  

Tags
 
Add a new tag
Caveats
  • Supply blocks, unpowered buildings, or Contaminate may cause inaccurate times.
  • Supply counts are checked every 10 seconds.